 Dungeon Crawl Stone Soup version 0.30-a0-1008-g30c9307041 (webtiles) character file.

Game seed: 11102620259484189478

35 retardedninja the Trooper (level 3, -2/34 HPs)
             Began as a Naga Fighter on Apr 5, 2023.
             Slain by a gnoll
             ... wielding a +0 club
             ... led by a gnoll bouda
              (5 damage)
             ... on level 2 of the Dungeon.
             The game lasted 00:00:48 (745 turns).

retardedninja the Trooper (Naga Fighter)             Turns: 745, Time: 00:00:52

Health: -2/34      AC:  5    Str: 20    XL:     3   Next: 33%
Magic:  3/3        EV:  4    Int:  8    God:
Gold:   68         SH:  0    Dex: 10    Spells: 2/2 levels left

rFire   . . .      SeeInvis +    a - +0 war axe
rCold   . . .      Faith    .    c - +0 buckler
rNeg    . . .      Spirit   .    b - +0 scale mail
rPois   +          Reflect  .    (no helmet)
rElec   .          Rampage  .    (no cloak)
rCorr   .                        e - +0 pair of gloves
Will    .....                    (no barding) Stlth
                                 (no amulet)
HPRegen 0.25/turn                (no ring)
MPRegen 0.08/turn                (no ring)

@: held, very slow
A: AC +1, large, see invisible, deformed body, poison resistance, slowness 2,
spit poison 1, naga tail 1
a: Spit Poison


You were on level 2 of the Dungeon.
You visited 1 branch of the dungeon, and saw 2 of its levels.

You collected 68 gold pieces.

Inventory:

Hand Weapons
 a - a +0 war axe (weapon)
Armour
 b - a +0 scale mail (worn)
 c - a +0 buckler (worn)
 e - a +0 pair of gloves (worn)
Scrolls
 f - 2 scrolls of acquirement {unknown}
 h - a scroll of noise {unknown}
 i - a scroll of enchant weapon {unknown}
Potions
 d - a potion of might
 g - 2 potions of magic {unknown}


   Skills:
 + Level 3.3 Fighting
 * Level 2.7 Axes
 + Level 2.6 Armour
 + Level 3.0 Shields


You had 2 spell levels left.
You didn't know any spells.
Your spell library was empty.

Dungeon Overview and Level Annotations

Branches:
Dungeon (2/15)

Altars:


Innate Abilities, Weirdness & Mutations

Your serpentine skin is tough. (AC +1)
You have supernaturally acute eyesight. (SInv)
Armour fits poorly on your strangely shaped body.
Your system is resistant to poisons. (rPois)
You cover ground very slowly.
You can spit poison.
You have a snake-like lower body.


Message History

A dart slug is nearby!
A dart slug is nearby!
A dart slug is nearby!
A gnoll comes into view. It is wielding a +0 club.
Found a viscous cyan potion.
The gnoll shouts!
You hear a shout!
The dart slug bites you but does no damage.
A gnoll comes into view. It is wielding a +0 club.
You hear a shout! x2
There are monsters nearby!
You slash the dart slug!
You kill the dart slug!
A gnoll bouda comes into view. It is wielding a +0 whip.
A gnoll comes into view. It is wielding a +0 halberd.
A gnoll comes into view. It is wielding a +0 whip.
A gnoll comes into view. It is wielding a +0 spear.
There are monsters nearby!
The gnoll shouts!
You hear an angry hiss.
The gnoll hits you with a +0 club.
There are monsters nearby!
The gnoll bouda barks out a call to the hunt!
The gnolls pick up the pace!
You block the gnoll's attack.
A frilled lizard comes into view.
The gnoll attacks as you move away! The gnoll hits you but does no damage.
The gnoll hits you with a +0 club.
The gnoll throws a throwing net.
The throwing net hits you.
You become entangled in the net!
The gnoll hits you with a +0 club. x2
You see here a throwing net.
You tear a large gash into the net.
The gnoll barely misses you.
The gnoll hits you from afar with a +0 halberd!
The gnoll hits you but does no damage. The gnoll hits you with a +0 club.
* * * LOW HITPOINT WARNING * * *
You struggle against the net.
The gnoll hits you from afar with a +0 spear.
* * * LOW HITPOINT WARNING * * *
The gnoll hits you from afar with a +0 halberd.
* * * LOW HITPOINT WARNING * * *
The gnoll hits you with a +0 club.
You die...

#..............#
#####.........# .
####...†......# ..
.........>....# ...
#####..<......# ....
######....#
.....######### ###†...#
#......#ggg..####......#
.....l.ggg@............#
..!............##......#
#..##.#........##.######
# #.##........#..#
#....##......#.## #.##.
#..)..... .
#.#.......### ##
..##......# .......#


You could see a gnoll bouda, 5 gnolls and a frilled lizard.

Vanquished Creatures
  An adder (D:2)
  2 dart slugs
  A bat (D:1)
  An endoplasm (D:1)
  A giant cockroach (D:1)
  3 hobgoblins (D:1)
  3 jackals (D:1)
  2 kobolds (D:1)
  3 ball pythons
  A frilled lizard (D:1)
  2 rats
20 creatures vanquished.

Notes
Turn   | Place    | Note
-------+----------+-------------------------------------------
     0 | D:1      | retardedninja the Naga Fighter began the quest for the Orb.
     0 | D:1      | Reached XP level 1. HP: 21/21 MP: 1/1
   280 | D:1      | Reached XP level 2. HP: 28/28 MP: 2/2
   675 | D:2      | Reached XP level 3. HP: 29/34 MP: 3/3
   745 | D:2      | Slain by a gnoll

Illustrated notes

Levels and vault maps discovered:
D:1:      erik_arrival_triangle_large, layout_basic
D:2:      layout_rooms, nicolae_eternal_life

Skill      XL: |  1  2 |
---------------+-------+-----
Shields        | 3 |  3.0
Fighting       | |  3.3
Axes           | |  2.7
Armour         | |  2.6

Action                     || total
---------------------------++-------
  Melee: War axe           ||    55
 Armour: Scale mail        ||    40
  Dodge: Dodged            ||    24
  Block: Buckler           ||    10

Table legend: (Time is in decaauts)
 A = Elapsed time spent in this place.
 B = Non-inter-level travel time spent in this place.
 C = Inter-level travel time spent in this place.
 D = Time resting spent in this place.
 E = Time spent auto-exploring this place.
 F = Levels seen in this place.
 G = Mean time per level.
                   A        B        C        D        E       F      G
               +--------+--------+--------+--------+--------+-----+--------+
         Total |    994 |    972 |     22 |      0 |    796 |   2 |  497.0 |
       Dungeon |    994 |    972 |     22 |      0 |    796 |   2 |  497.0 |
               +--------+--------+--------+--------+--------+-----+--------+

Top non-repeatable levels by time:
     D:1: 902 daAuts
     D:2: 91 daAuts
